 Dungeon Crawl Stone Soup version 0.29-a0-22-gbf593b16ee (webtiles) character file.

Game seed: 6763016367678465505

36495 ragingrage the Basher (level 13, -4/133 HPs)
             Began as an Ogre Fire Elementalist on Jan 29, 2022.
             Was an Elder of Vehumet.
             Slain by a cane toad (8 damage)
             ... while petrified by a basilisk
             ... on level 6 of the Lair of Beasts.
             The game lasted 00:29:40 (23578 turns).

ragingrage the Basher (Ogre Fire Elementalist)     Turns: 23578, Time: 00:29:40

Health: -4/133     AC:  5    Str: 15    XL:     13   Next: 90%
Magic:  8/36       EV:  1    Int: 20    God:    Vehumet [****..]
Gold:   788        SH:  0    Dex:  9    Spells: 8/32 levels left

rFire   + + .      SeeInvis .   a - +5 spear of Propriety {vorpal, Will+ MP+9}
rCold   . . .      Faith    .   (no shield)
rNeg    + + +      Spirit   .   s - +0 troll leather armour
rPois   ∞          Reflect  .   (helmet restricted)
rElec   .          Harm     .   H - scarf {rC+ rF+}
rCorr   .          Rampage  .   (gloves unavailable)
Will    ++...                   (boots unavailable)
Stlth   +.........              (no amulet)
HPRegen 1.12/turn               h - ring of fire
MPRegen 0.25/turn               v - ring of poison resistance

@: petrified, very slow
A: large, unfitting armour, tough skin 1
a: Renounce Religion


You were on level 6 of the Lair of Beasts.
You worshipped Vehumet.
Vehumet was greatly pleased with you.
You visited 3 branches of the dungeon, and saw 19 of its levels.
You also visited: Volcano.

You collected 1286 gold pieces.
You spent 498 gold pieces at shops.

Inventory:

Hand Weapons
 a - the +5 spear of Propriety (weapon) {vorpal, Will+ MP+9}
   (You found it on level 12 of the Dungeon)

   It inflicts extra damage upon your enemies.
   MP:        It affects your magic capacity (+9).
   Will:      It increases your willpower.
 b - the +3 giant club "Skullcrusher" {speed, Str+7}
   (You bought it in a shop on level 3 of the Dungeon)

   Attacks with this weapon are significantly faster.
   Str:       It affects your strength (+7).
 u - the +0 long sword of Calculation {speed, Int+4}
   (You found it on level 5 of the Dungeon)

   Attacks with this weapon are significantly faster.
   Int:       It affects your intelligence (+4).
Missiles
 c - 23 poisoned darts
 z - a throwing net
Armour
 s - a +0 troll leather armour (worn)
 H - a scarf of resistance (worn)
Jewellery
 g - an amulet of guardian spirit
 h - a ring of fire (left hand)
 n - a ring of flight
 v - a ring of poison resistance (right hand)
 J - a ring of protection from cold
Wands
 e - a wand of flame (17)
 j - a wand of acid (11)
 q - a wand of mindburst (11)
 F - a wand of iceblast (12)
 G - a wand of polymorph (14)
Scrolls
 f - 2 scrolls of magic mapping
 k - 5 scrolls of fog
 l - a scroll of brand weapon
 p - a scroll of silence
 r - 3 scrolls of identify
 x - a scroll of enchant armour {unknown}
 B - 4 scrolls of teleportation
 I - 3 scrolls of enchant weapon
 K - a scroll of amnesia
Potions
 d - 3 potions of attraction
 i - 2 potions of haste {unknown}
 m - 4 potions of curing
 o - 6 potions of flight
 t - a potion of mutation {unknown}
 w - a potion of ambrosia {unknown}
 y - a potion of resistance {unknown}
 A - 2 potions of brilliance
 C - a potion of lignification {unknown}
 D - 5 potions of might
 E - 2 potions of degeneration {unknown}
 L - a potion of magic {unknown}
 M - a potion of invisibility {unknown}


   Skills:
 - Level 10.0 Fighting
 + Level 13.2 Maces & Flails
 - Level 1.7 Dodging
 - Level 1.4 Stealth
 - Level 10.0 Spellcasting
 - Level 10.0 Conjurations
 - Level 10.0 Fire Magic


You had 8 spell levels left.
You knew the following spells:

 Your Spells              Type           Power      Damage    Failure   Level
a - Foxfire               Conj/Fire      100%       2x1d9     1%          1
b - Scorch                Fire           100%       2d10      1%          2
c - Sticky Flame          Conj/Fire      66%        2d8       1%          4
d - Mephitic Cloud        Conj/Pois/Air  23%        N/A       1%          3
e - Orb of Destruction    Conj           25%        9d9       28%         7
f - Hailstorm             Conj/Ice       30%        3d8       3%          4
g - Stone Arrow           Conj/Erth      60%        3d10      1%          3

Your spell library contained the following spells:

 Spells                   Type           Power      Damage    Failure   Level
 Conjure Flame            Conj/Fire      66%        6-21      1%          3
 Ignite Poison            Fire/Tmut/Pois 34%        N/A       1%          3
 Inner Flame              Hex/Fire       45%        N/A       1%          3
 Flame Wave               Conj/Fire      66%        2d12      1%          4
 Freeze                   Ice            40%        1d6       2%          1
 Poisonous Vapours        Pois/Air       20%        N/A       3%          2
 Fulminant Prism          Conj/Hex       15%        3d11      3%          4
 Iskenderun's Mystic Bla  Conj/Tloc      30%        2d8       3%          4
 Frozen Ramparts          Ice            20%        1d4       7%          3
 Beastly Appendage        Tmut           20%        N/A       9%          1
 Pain                     Necr           40%        1d6       9%          1
 Slow                     Hex            40%        N/A       9%          1
 Lightning Bolt           Conj/Air       15%        1d29      9%          5
 Blink                    Tloc           20%        N/A       13%         2
 Corpse Rot               Necr/Air       20%        N/A       13%         2
 Wereblood                Tmut           10%        N/A       13%         2
 Airstrike                Air            5%         N/A       21%         4
 Olgreb's Toxic Radiance  Pois           10%        N/A       21%         4
 Lesser Beckoning         Tloc           10%        N/A       26%         3
 Ozocubu's Armour         Ice            10%        N/A       26%         3
 Spider Form              Tmut/Pois      10%        N/A       26%         3
 Summon Guardian Golem    Hex/Summ       10%        N/A       26%         3
 Tukima's Dance           Hex            10%        N/A       26%         3
 Lee's Rapid Deconstruct  Erth           5%         3d7*      50%         5
 Anguish                  Hex/Necr       5%         N/A       63%         4
 Ice Form                 Ice/Tmut       10%        N/A       63%         4
 Summon Lightning Spire   Summ/Air       10%        N/A       63%         4
 Spellforged Servitor     Conj/Summ      15%        N/A       89%         7
 Ignition                 Fire           33%        3d10      89%         8
 Agony                    Necr           10%        N/A       93%         5
 Excruciating Wounds      Necr           5%         N/A       93%         5
 Manifold Assault         Tloc           10%        N/A       93%         5
 Simulacrum               Ice/Necr       5%         N/A       100%        6
 Summon Cactus Giant      Summ           5%         N/A       100%        6
 Enfeeble                 Hex            5%         N/A       100%        7
 Ozocubu's Refrigeration  Ice            5%         4d6       100%        7
 Storm Form               Tmut/Air       5%         N/A       100%        7
 Summon Hydra             Summ           5%         N/A       100%        7


Dungeon Overview and Level Annotations

Branches:
Dungeon (12/15)            Temple (1/1) D:7            Lair (6/6) D:8
 Spider (0/4) Lair:4        Slime (0/5) Lair:5          Orc (0/2) D:11
Volcano (visited)
  Swamp: Lair:2-4    Shoals: Lair:2-4

Altars:
Ashenzari
Cheibriados
Dithmenos
Elyvilon
Fedhas
Hepliaklqana
Kikubaaqudgha
Makhleb
Okawaru
Qazlal
Ru
Sif Muna
Trog
Uskayaw
Vehumet
Wu Jian
Xom
Zin
The Shining One
Jiyva

Shops:
D:3 (   D:9 !([

Annotations:
Lair:3 Rupert


Innate Abilities, Weirdness & Mutations

You are too large for most types of armour.
You have tough skin. (AC +1)


Message History

The blink frog croaks.
You hear a loud, deep croak!
The blink frog blinks!
The vampire mosquito bites you. The tyrant leech bites you.
The cane toad stings you!! The cane toad stings you! The bullfrog hits you.
The vampire mosquito bites you. The vampire mosquito bites you!
The blink frog blinks!
The bullfrog hits you. The cane toad completely misses you.
The cane toad stings you! The tyrant leech bites you!!
The blink frog blinks! x2
The vampire mosquito barely misses you. The bullfrog hits you.
The bullfrog hits you but does no damage.
The vampire mosquito bites you! The cane toad stings you.
* * * LOW HITPOINT WARNING * * *
The cane toad stings you!
* * * LOW HITPOINT WARNING * * *
The cane toad stings you!
* * * LOW HITPOINT WARNING * * *
The bullfrog hits you.
* * * LOW HITPOINT WARNING * * *
The tyrant leech bites you!!
* * * LOW HITPOINT WARNING * * *
The bullfrog hits you.
* * * LOW HITPOINT WARNING * * *
Vehumet accepts your kill.
You feel your power returning.
You feel a bit more experienced.
A nearby plant withers and dies.
The vampire mosquito bites you but does no damage.
The cane toad stings you.
* * * LOW HITPOINT WARNING * * *
The cane toad completely misses you.
The blink frog hits the plant.
The plant begins to die.
The vampire mosquito bites you!
* * * LOW HITPOINT WARNING * * *
The blink frog blinks! x2
A nearby plant withers and dies. x2; The vampire mosquito bites you.
* * * LOW HITPOINT WARNING * * *
The bullfrog hits you.
* * * LOW HITPOINT WARNING * * *
The blink frog hits the plant.
The cane toad stings you.
* * * LOW HITPOINT WARNING * * *
The cane toad stings you!
You die...

....≈≈≈≈≈≈≈≈.PP
#§..≈≈.P≈≈≈.≈≈P
....≈≈≈≈≈≈P≈.PP
#.≈≈≈≈≈≈≈≈≈P.[≈
...≈≈≈≈≈≈F≈≈≈≈.
...≈≈F≈Fw≈≈≈≈≈≈
...≈≈FFyFF≈≈≈≈≈
....≈PF@FF≈P≈#
....≈≈≈wD≈≈≈≈≈≈
#.≈..≈≈≈F≈≈≈≈≈≈
#.....≈≈P≈≈≈≈≈≈
..#.....≈≈≈≈≈≈≈
...####......≈≈
.<. #####...P
## ###.


You could see a six-headed hydra, 2 tyrant leeches, 4 cane toads, 5 blink frogs,
a vampire mosquito and 2 bullfrogs.

Vanquished Creatures
  A fire dragon (Volcano)
  4 hydras
  Erica (D:10)
  A centaur warrior (D:11)
  A catoblepas (D:9)
  3 two-headed ogres
  A death yak (Lair:5)
  A tengu warrior (D:8)
  Pikel (D:6)
  5 lindwurms
  A wolf spider (Lair:4)
  2 cyclopes (D:12)
  5 elephants (Lair:5)
  A manticore (D:12)
  2 torpor snails
  3 black mambas
  3 smoke demons (Volcano)
  An unseen horror (D:10)
  A gargoyle (D:12)
  4 cane toads
  A rime drake (Lair:1)
  5 komodo dragons
  5 trolls
  2 polar bears
  Grinder (D:6)
  16 blink frogs
  A wyvern (Lair:4)
  5 basilisks
  3 wraiths
  8 yaks
  5 steam dragons
  A vampire mosquito (Lair:6)
  A warg (D:11)
  An acid dragon (D:8)
  6 hell hounds (Volcano)
  13 water moccasins
  Duvessa (D:4)
  2 sky beasts
  4 black bears
  3 orc warriors
  An ice beast (D:7)
  2 ogres
  18 wolves
  4 centaurs (D:11)
  A lemure (D:6)
  2 gnoll sergeants
  2 scorpions
  9 bullfrogs
  A water moccasin skeleton (D:6)
  11 wights
  Dowan (D:4)
  15 killer bees
  A howler monkey (D:9)
  5 centaur zombies
  A gnoll shaman (D:10)
  3 hounds
  A jelly (D:6)
  5 orc priests
  2 centaur skeletons
  A bullfrog skeleton (D:6)
  3 iguanas
  10 orc wizards
  7 hell rats (Lair:5)
  2 howler monkey zombies (D:8)
  19 gnolls
  7 adders
  A shadow imp (D:7)
  A white imp (D:6)
  2 ufetubi
  2 worms (D:2)
  A dart slug (D:1)
  37 orcs
  5 ball pythons
  6 endoplasms
  A giant cockroach (D:2)
  3 goblins (D:1)
  13 hobgoblins
  3 jackals (D:3)
  2 quokkas
  5 bats
  5 frilled lizards
  9 kobolds
  2 rats
  A butterfly (Lair:1)
359 creatures vanquished.

Vanquished Creatures (collateral kills)
  5 foxfires
5 creatures vanquished.

Vanquished Creatures (others)
  1290 foxfires
  24 fungi
  50 plants
1364 creatures vanquished.

Grand Total: 1728 creatures vanquished

Notes
Turn   | Place    | Note
-------+----------+-------------------------------------------
     0 | D:1      | ragingrage the Ogre Fire Elementalist began the quest for
                  | the Orb.
     0 | D:1      | Reached XP level 1. HP: 16/16 MP: 3/3
    76 | D:1      | Reached skill level 1 in Conjurations
   164 | D:1      | Found a faded altar of an unknown god.
   177 | D:1      | Reached XP level 2. HP: 24/24 MP: 2/5
   988 | D:1      | Reached XP level 3. HP: 28/31 MP: 2/7
  1689 | D:2      | Learned a level 2 spell: Scorch
  2874 | D:2      | Reached XP level 4. HP: 39/39 MP: 5/8
  2954 | D:2      | Identified the +8 falchion of Fimbulwinter {vorpal, rN+
                  | Dex+2}
  3211 | D:3      | Learned a level 3 spell: Conjure Flame
  3216 | D:3      | Learned a level 4 spell: Sticky Flame
  3586 | D:3      | Reached XP level 5. HP: 45/45 MP: 6/10
  3930 | D:3      | Found Hoat's Weapon Emporium.
  4206 | D:4      | Noticed Dowan
  4219 | D:4      | Killed Dowan
  4229 | D:4      | Reached XP level 6. HP: 53/53 MP: 0/12
  4232 | D:4      | Noticed a black bear
  4720 | D:4      | Killed a black bear
  4949 | D:5      | Entered Level 5 of the Dungeon
  5310 | D:4      | Noticed Duvessa
  5689 | D:5      | Reached XP level 7. HP: 59/59 MP: 10/14
  5780 | D:5      | Identified the +0 long sword of Calculation {speed, Int+4}
  5810 | D:5      | Found an ancient bone altar of Kikubaaqudgha.
  5816 | D:5      | Found a shadowy altar of Dithmenos.
  5823 | D:5      | Reached skill level 5 in Spellcasting
  5858 | D:5      | Found a sacrificial altar of Ru.
  5858 | D:5      | Found a burning altar of Makhleb.
  5865 | D:5      | Found a shimmering altar of Xom.
  6194 | D:6      | Reached skill level 5 in Fire Magic
  6315 | D:6      | Noticed Pikel
  6351 | D:6      | Noticed Grinder
  6357 | D:6      | Paralysed by Grinder for 6 turns
  6369 | D:6      | Killed Grinder
  6370 | D:6      | Reached XP level 8. HP: 54/67 MP: 5/17
  6569 | D:6      | Reached skill level 5 in Conjurations
  7022 | D:6      | Reached skill level 1 in Fighting
  7890 | D:7      | Noticed a troll
  7902 | D:7      | Killed a troll
  7903 | D:7      | Reached XP level 9. HP: 84/84 MP: 11/20
  8097 | D:7      | Found a staircase to the Ecumenical Temple.
  8165 | Temple   | Entered the Ecumenical Temple
  8212 | Temple   | Became a worshipper of Vehumet
  9077 | D:8      | Reached skill level 5 in Fighting
  9293 | D:8      | Noticed a tengu warrior
  9301 | D:8      | Killed a tengu warrior
  9302 | D:8      | Reached XP level 10. HP: 59/100 MP: 8/22
 10123 | D:8      | Found a staircase to the Lair.
 10591 | D:6      | Killed Pikel
 10691 | D:3      | Bought the +3 giant club "Skullcrusher" {speed, Str+7} for
                  | 459 gold pieces
 10691 | D:3      | Found the +3 giant club "Skullcrusher" {speed, Str+7}
 11037 | D:4      | Killed Duvessa
 11430 | D:9      | Noticed a two-headed ogre
 11436 | D:9      | Killed a two-headed ogre
 11549 | D:9      | Found Voifupo's Antique Weapon Boutique.
 12019 | D:9      | Noticed a catoblepas
 12049 | D:9      | Killed a catoblepas
 12050 | D:9      | Reached skill level 1 in Maces & Flails
 12175 | D:9      | Found Woneclal's Distillery.
 12178 | D:9      | Bought a potion of curing for 39 gold pieces
 12367 | D:9      | Reached * piety under Vehumet
 12367 | D:9      | Offered knowledge of Shock by Vehumet.
 12418 | D:9      | Reached XP level 11. HP: 49/113 MP: 12/24
 12706 | D:9      | Found Xilloat's Armour Shoppe.
 12759 | D:10     | Entered Level 10 of the Dungeon
 13289 | D:10     | Noticed Erica
 13299 | D:10     | Killed Erica
 13300 | D:10     | Reached skill level 2 in Maces & Flails
 13300 | D:10     | Reached skill level 10 in Spellcasting
 13835 | D:10     | Found a broken altar of Ashenzari.
 13845 | D:10     | Found a snail-covered altar of Cheibriados.
 14767 | D:11     | Noticed a centaur warrior
 14783 | D:11     | Reached skill level 3 in Maces & Flails
 14834 | D:11     | Killed a centaur warrior
 15062 | D:11     | Reached ** piety under Vehumet
 15111 | D:11     | Found a staircase to the Orcish Mines.
 15124 | D:11     | Offered knowledge of Static Discharge by Vehumet.
 15408 | D:11     | Reached skill level 10 in Fighting
 15495 | D:11     | Noticed a two-headed ogre
 15503 | D:11     | Killed a two-headed ogre
 15504 | D:11     | Reached skill level 4 in Maces & Flails
 16003 | D:12     | Noticed a two-headed ogre
 16011 | D:12     | Killed a two-headed ogre
 16087 | D:12     | Identified the +5 spear of Propriety {vorpal, Will+ MP+9}
 16216 | D:12     | Noticed a manticore
 16221 | D:12     | Killed a manticore
 16222 | D:12     | Reached XP level 12. HP: 116/126 MP: 24/26
 16459 | D:12     | Reached skill level 5 in Maces & Flails
 16748 | D:12     | Identified the +6 mace "Cugut" {freeze, *Slow rPois rC+}
 17406 | Lair:1   | Entered Level 1 of the Lair of Beasts
 17443 | Lair:1   | Reached skill level 10 in Fire Magic
 17654 | Lair:1   | Offered knowledge of Mephitic Cloud by Vehumet.
 17689 | Lair:1   | Learned a level 3 spell: Mephitic Cloud
 17793 | Lair:1   | Reached skill level 6 in Maces & Flails
 17909 | Lair:1   | Reached skill level 10 in Conjurations
 18102 | Lair:1   | Noticed a seven-headed hydra
 18131 | Lair:1   | Killed a seven-headed hydra
 18374 | Lair:1   | Reached skill level 7 in Maces & Flails
 18877 | Lair:2   | You fall into a shaft and drop 2 floors!
 18934 | Lair:4   | Reached *** piety under Vehumet
 18980 | Lair:4   | Reached skill level 8 in Maces & Flails
 19654 | Lair:3   | Got the Compendium of Hexes and Companions
 19689 | Lair:3   | Noticed a five-headed hydra
 19708 | Lair:3   | Killed a five-headed hydra
 19709 | Lair:3   | Reached skill level 9 in Maces & Flails
 19761 | Lair:3   | Offered knowledge of Dazzling Flash by Vehumet.
 19773 | Lair:3   | Reached XP level 13. HP: 133/133 MP: 18/27
 19873 | Lair:3   | Noticed Rupert
 19875 | Lair:3   | Paralysed by Rupert for 6 turns
 20225 | Lair:4   | Learned a level 7 spell: Orb of Destruction
 20234 | Lair:4   | Reached skill level 10 in Maces & Flails
 20687 | Lair:4   | Found a hole to the Spider Nest.
 21104 | Lair:5   | Reached skill level 11 in Maces & Flails
 21159 | Lair:5   | Found a viscous altar of Jiyva.
 21184 | Lair:5   | Found a staircase to the Slime Pits.
 21306 | Lair:5   | Reached **** piety under Vehumet
 21313 | Lair:5   | Found a dark tunnel.
 21382 | Lair:5   | Learned a level 4 spell: Hailstorm
 21383 | Volcano  | Entered a volcano
 21733 | Volcano  | Offered knowledge of Stone Arrow by Vehumet.
 21738 | Volcano  | Learned a level 3 spell: Stone Arrow
 22310 | Volcano  | Reached skill level 12 in Maces & Flails
 22391 | Volcano  | Noticed a fire dragon
 22397 | Volcano  | Killed a fire dragon
 22566 | Lair:5   | HP: 6/133 [blink frog (13)]
 23092 | Lair:5   | Reached skill level 13 in Maces & Flails
 23404 | Lair:5   | Identified the +1 robe of the Game Afoot {Str+3}
 23557 | Lair:6   | Entered Level 6 of the Lair of Beasts
 23578 | Lair:6   | HP: 6/133 [vampire mosquito (2)]
 23578 | Lair:6   | Slain by a cane toad

Illustrated notes

Levels and vault maps discovered:
D:1:      dpeg_arrival_another_circle, layout_basic,
          ebering_ecumenical_altar_hall, chequers_serial_rivers_small_3
D:2:      layout_basic, serial_glass, glass_columns_b, glass_columns_c,
          chequers_serial_rivers_micro_c
D:3:      wander_river, layout_basic, serial_shops, nicolae_diamond_shop
D:4:      layout_rooms, minmay_misc_feat_hallway, grunt_decor_arrowhead,
          uniq_duvessa
D:5:      layout_rooms, nicolae_overflow_hallway_of_the_gods, dk_noncrumbling_4,
          guppyfry_early_lair_pool
D:6:      nicolae_BIG_FREAKIN_CUBE, layout_basic, minmay_misc_feat_cross,
          kennysheep_opposing_triangles, uniq_grinder, uniq_pikel, uniq_menkaure
D:7:      layout_loops_ring, temple_green
D:8:      layout_basic, david_lair_shrubbed, chequers_serial_rivers_room_b,
          minivault_22
D:9:      layout_loops_ring, serial_shops, nicolae_diamond_shop,
          nicolae_shop_waterfront, kennysheep_mini
D:10:     layout_roguey, amethyst_overflow_temple_binary,
          serial_co_window_serial, co_window_corner_a,
          co_window_of_opportunity_a, co_window_paths_a, co_window_paths_a,
          co_window_corner_a, co_window_broadway_a, co_window_broadway_b,
          co_window_unsneaky_path_d, co_window_cross_2, co_window_sun,
          glass_columns_b, glass_columns_b, uniq_erica
D:11:     layout_cave_pools, erik_orc_3, st_stairs_5,
          amcnicky_mini_corridor_feature
D:12:     layout_stronghold
Temple:   regret_index_temple_waves
Lair:1:   layout_regular_city, chequers_serial_rivers_room_a,
          lemuel_fruit_fields
Lair:2:   layout_hall_layers, swamp_mist_pool, portal_ice_cave_entry_pillars_2,
          serial_bayou_lagoon_a, uniq_maggie
Lair:3:   layout_layer_cave, cheibrodos_lair_reptile_den, uniq_rupert
Lair:4:   layout_misc_corridors, spider_nest_entry_web_field,
          nicolae_lair_run_with_the_wolves
Lair:5:   layout_loops_ring, slime_altar_1, nicolae_volcano_entry_vermiform,
          grunt_megastairs_3
Lair:6:   minmay_lair_end_frog_pond, layout_loops_ring,
          kennysheep_basilisk_garden, uniq_sonja

Skill      XL: |  1  2  3  4  5  6  7  8  9 10 11 12 13 |
---------------+----------------------------------------+-----
Conjurations   | 1 2 3 4 5 6 7 9 10 | 10.0
Fire Magic     | 3 4 5 6 7 8 9 10 | 10.0
Spellcasting   | 3 4 6 7 8 9 10 | 10.0
Fighting       | 3 6 8 10 | 10.0
Maces & Flails | 1 4 9 13 | 13.2
Dodging        | |  1.7
Stealth        | |  1.4

Action                   |  1- 3 |  4- 6 |  7- 9 | 10-12 | 13-15 || total
-------------------------+-------+-------+-------+-------+-------++-------
Melee: Unarmed           |    16 |       |       |       |       ||    16
       Short sword       |    29 |       |       |       |       ||    29
       Falchion          |       |    23 |    12 |     9 |       ||    44
       Long sword        |       |       |    10 |     1 |       ||    11
       Giant club        |       |       |       |    80 |    32 ||   112
       Spear             |       |       |       |     4 |     6 ||    10
 Cast: Foxfire           |   110 |   106 |   130 |   355 |    89 ||   790
       Scorch            |       |     6 |    56 |   129 |    51 ||   242
       Conjure Flame     |       |       |     1 |     1 |       ||     2
       Sticky Flame      |       |       |       |    58 |    31 ||    89
       Mephitic Cloud    |       |       |       |     1 |     5 ||     6
       Stone Arrow       |       |       |       |       |    27 ||    27
       Hailstorm         |       |       |       |       |    16 ||    16
       Orb of Destructio |       |       |       |       |     4 ||     4
Evoke: Wand              |       |       |       |     1 |       ||     1
  Use: Scroll            |       |       |       |    18 |     5 ||    23
       Potion            |       |       |       |       |     2 ||     2
Armor: Robe              |    19 |    10 |     5 |       |       ||    34
       Troll leather arm |       |       |    22 |    99 |    24 ||   145
Dodge: Dodged            |    16 |     7 |    33 |   140 |    53 ||   249

Table legend: (Time is in decaauts)
 A = Elapsed time spent in this place.
 B = Non-inter-level travel time spent in this place.
 C = Inter-level travel time spent in this place.
 D = Time resting spent in this place.
 E = Time spent auto-exploring this place.
 F = Levels seen in this place.
 G = Mean time per level.
                   A        B        C        D        E       F      G
               +--------+--------+--------+--------+--------+-----+--------+
         Total |  23602 |  22535 |   1067 |   5549 |  13542 |  20 | 1180.1 |
       Dungeon |  17376 |  16553 |    823 |   3696 |  10761 |  12 | 1448.0 |
        Temple |     67 |     34 |     33 |      0 |     25 |   1 |   67.0 |
          Lair |   5063 |   4854 |    209 |   1293 |   2483 |   6 |  843.8 |
       Volcano |   1094 |   1094 |      0 |    560 |    273 |   1 | 1094.0 |
               +--------+--------+--------+--------+--------+-----+--------+

Top non-repeatable levels by time:
    D:10: 1786 daAuts
     D:6: 1754 daAuts
     D:3: 1749 daAuts
     D:8: 1629 daAuts
     D:1: 1548 daAuts
     D:9: 1489 daAuts
  Lair:5: 1486 daAuts
  Lair:1: 1468 daAuts
    D:12: 1421 daAuts
     D:2: 1418 daAuts
     D:7: 1359 daAuts
    D:11: 1310 daAuts
  Lair:4: 1125 daAuts
 Volcano: 1094 daAuts
     D:4: 1026 daAuts
